 Dungeon Crawl Stone Soup version 0.28-a0-514-g0d7ab7f379 (webtiles) character file.

Game seed: 582367115011211755

8397 robertstho the Thaumaturge (level 11, -15/76 HPs)
             Began as a Djinni Fire Elementalist on Sept 22, 2021.
             Was an Initiate of Gozag.
             Demolished by a boulder beetle (19 damage)
             ... on level 10 of the Dungeon.
             The game lasted 00:17:11 (14098 turns).

robertstho the Thaumaturge (DjFE)                  Turns: 14098, Time: 00:17:11

Health: -15/76     AC: 11    Str:  7    XL:     11   Next: 55%
Gold:   119        EV: 10    Int: 20    God:    Gozag SH:  0 Dex: 14

rFire   + + .      SeeInvis .   v - +0 demon whip (drain)
rCold   . . .      Faith    .   (no shield)
rNeg    . . .      Spirit   .   C - quicksilver dragon scales
rPois   ∞          Reflect  .   d - +0 helmet
rElec   .          Harm     .   (no cloak)
rCorr   .          Rampage  .   g - +0 pair of gloves
Will    ++...                   (boots unavailable)
Stlth   ++........              (no amulet)
HPRegen 0.22/turn               o - ring of protection from cold
MPRegen 0.00/turn               (no ring)

@: gold aura, flying
A: sickness immunity, fire resistance 2, cold vulnerability 1, float, innate
caster, hp casting, extra vitality 1
a: Renounce Religion, Potion Petition, Call Merchant, Bribe Branch


You were on level 10 of the Dungeon.
You worshipped Gozag.
Gozag was aware of your devotion.
You visited 2 branches of the dungeon, and saw 11 of its levels.

You collected 1540 gold pieces.
You spent 1346 gold pieces at shops.
You paid 75 gold pieces to Gozag.

Inventory:

Hand Weapons
 v - a +0 demon whip of draining (weapon)
Armour
 d - a +0 helmet (worn)
 g - a +0 pair of gloves (worn)
 C - quicksilver dragon scales (worn)
Jewellery
 a - a ring of ice
 o - a ring of protection from cold (left hand)
 x - a ring of willpower
 z - a ring of ice
Wands
 w - a wand of acid (17)
Scrolls
 f - 3 scrolls of teleportation {unknown}
 h - 2 scrolls of acquirement {unknown}
 j - a scroll of enchant weapon {unknown}
 n - a scroll of enchant armour
 t - a scroll of torment
 A - a scroll of immolation
 B - a scroll of vulnerability
Potions
 i - a potion of cancellation {unknown}
 k - a potion of haste {unknown}
 l - 4 potions of curing
 m - a potion of experience {unknown}
 p - a potion of lignification {unknown}
 q - a potion of invisibility {unknown}
 s - a potion of ambrosia {unknown}
 u - a potion of degeneration {unknown}


   Skills:
 * Level 5.6 Fighting
 + Level 0.2 Short Blades
 + Level 0.4 Maces & Flails
 + Level 0.8 Armour
 + Level 2.9 Dodging
 + Level 4.1 Stealth
 * Level 12.2 Spellcasting


You had 8 spell levels left.
You knew the following spells:

 Your Spells              Type           Power      Damage    Failure   Level
a - Foxfire               Conj/Fire      100%       2x1d9     1%          1
b - Scorch                Fire           100%       2d10      1%          2
c - Conjure Flame         Conj/Fire      57%        6-21      1%          3
d - Inner Flame           Hex/Fire       57%        N/A       1%          3
e - Flame Wave            Conj/Fire      57%        3d10      1%          4
f - Freeze                Ice            100%       1d11      1%          1
g - Static Discharge      Conj/Air       57%        N/A       1%          2
h - Ignite Poison         Fire/Tmut/Pois 57%        N/A       1%          3
i - Ozocubu's Armour      Ice            57%        N/A       1%          3
j - Petrify               Tmut/Erth      57%        N/A       1%          4
Your spell library was empty.

Dungeon Overview and Level Annotations

Branches:
Dungeon (10/15)            Temple (1/1) D:4            Lair (0/6) D:9
    Orc: D:9-12

Altars:
Ashenzari
Cheibriados
Dithmenos
Elyvilon
Fedhas
Gozag
Hepliaklqana
Kikubaaqudgha
Nemelex Xobeh
Okawaru
Ru
Sif Muna
Vehumet
Wu Jian
Xom
Yredelemnul
Zin
The Shining One

Shops:
D:4 (=([*

Portals:
Trove: D:10 (give 13 scrolls of teleportation)

Annotations:
D:4 Good shops
D:7 1 runed translucent door, lunkers's ghost, novice DjCA


Innate Abilities, Weirdness & Mutations

You are immune to sickness and miasma.
You are immune to poison.
Your flesh is very heat resistant. (rF++)
You are vulnerable to cold. (rC-)
You float through the air rather than walking.
You learn spells naturally, not from books.
Your magical power is your life essence.
You have superior vitality. (+4 HP)


Message History

Confirm with . or Enter, or press ? or * to list all spells.
Flames lash the orc warrior.
The orc warrior is no longer distracted by gold.
The orc warrior shouts!
The orc warrior is heavily wounded.
The orc warrior's fire resistance burns away.
The troll is no longer distracted by gold.
A boulder beetle comes into view.
Casting: Scorch (safe; 1% risk of failure)
Confirm with . or Enter, or press ? or * to list all spells.
Flames lash the boulder beetle but do no damage.
Casting: Scorch (safe; 1% risk of failure)
Confirm with . or Enter, or press ? or * to list all spells.
Flames lash the boulder beetle but do no damage.
Casting: Scorch (safe; 1% risk of failure)
Confirm with . or Enter, or press ? or * to list all spells.
Flames lash the orc warrior.
The orc warrior is burned terribly!
The orc warrior is severely wounded.
The orc warrior is no longer more vulnerable to fire.
The orc warrior is distracted by your dazzling golden aura.
The boulder beetle bites you!!
* * * LOW HITPOINT WARNING * * *
The orc warrior shouts!
You feel much better. The orc warrior barely misses you.
The boulder beetle bites you!!
* * * LOW HITPOINT WARNING * * *
Okay, then.
Okay, then.
It was a potion of curing.
You feel better.
The orc warrior is no longer distracted by gold.
The orc warrior hits you from afar with a +0 trident.
* * * LOW HITPOINT WARNING * * *
The boulder beetle bites you.
* * * LOW HITPOINT WARNING * * *
You feel better.
The orc warrior hits you from afar with a +0 trident!
* * * LOW HITPOINT WARNING * * *
The boulder beetle bites you!!
You die...
Your body crumbles into a pile of gold.

### #.###. # #.##.# ..# #
#.##.# .: #### # #.##.# $
.. ##.(## # #.##.#
o##....# ######.##.##
T#'....# #
:..........#####o##..##.#
######.####....#B###'#..#
#.######.##@##.....#
.........#$$!#.###.#
##.######.##)##.# # #.#
#..###..# #.# #......##
#.# #.........#
###########


You could see a boulder beetle, a troll and 2 orc warriors.

Vanquished Creatures
  3 two-headed ogres (D:10)
  An ugly thing (D:10)
  A troll (D:10)
  A hornet (D:9)
  2 vampires (D:10)
  2 yaks
  2 wyverns
  2 steam dragons
  Menkaure (D:5)
  4 vampire mosquitoes (D:9)
  Edmund (D:4)
  A water moccasin (D:9)
  3 ice beasts
  7 orc warriors
  4 black bears
  4 centaurs
  3 phantoms
  6 kobold brigands
  4 bullfrogs
  A water moccasin zombie (D:7)
  3 scorpions
  2 electric eels (D:7)
  3 howler monkeys
  2 jellies (D:6)
  A centaur zombie (D:9)
  A bullfrog skeleton (D:5)
  A gnoll shaman (D:6)
  4 orc priests
  A centaur skeleton (D:6)
  2 hounds (D:5)
  2 iguanas
  7 orc wizards
  A killer bee zombie (D:6)
  A hound skeleton (D:4)
  6 gnolls
  6 adders
  2 shadow imps
  2 white imps
  An ufetubus (D:6)
  A worm (D:3)
  11 dart slugs
  24 orcs
  3 ball pythons
  4 bats
  9 endoplasms
  3 giant cockroaches
  8 hobgoblins
  40 kobolds
  7 quokkas
  A frilled lizard (D:1)
  7 goblins
  5 rats
224 creatures vanquished.

Vanquished Creatures (collateral kills)
  4 foxfires (D:9)
4 creatures vanquished.

Vanquished Creatures (others)
  A human (D:6)
  An orc (D:9)
  739 foxfires
  10 fungi (D:9)
  6 plants (D:9)
757 creatures vanquished.

Grand Total: 985 creatures vanquished

Notes
Turn   | Place    | Note
-------+----------+-------------------------------------------
     0 | D:1      | robertstho the Djinni Fire Elementalist began the quest for
                  | the Orb.
     0 | D:1      | Reached XP level 1. HP: 15/15 MP: 0/0
   283 | D:1      | Reached XP level 2. HP: 12/22 MP: 0/0
   502 | D:1      | Reached skill level 1 in Fighting
   737 | D:1      | Reached XP level 3. HP: 19/27 MP: 0/0
   737 | D:1      | Learned a level 1 spell: Freeze
  1132 | D:1      | Reached skill level 3 in Spellcasting
  1606 | D:2      | Reached XP level 4. HP: 27/32 MP: 0/0
  2263 | D:2      | Reached XP level 5. HP: 30/37 MP: 0/0
  2263 | D:2      | Learned a level 2 spell: Static Discharge
  3694 | D:4      | Found Cahuly's Weapon Shop.
  3697 | D:4      | Reached skill level 4 in Spellcasting
  3737 | D:4      | Found Idips's Jewellery Emporium.
  3793 | D:4      | Found Untu's Antique Armour Emporium.
  4066 | D:4      | Found Lauh's Assorted Antiques.
  4254 | D:4      | Noticed Edmund
  4264 | D:4      | Killed Edmund
  4265 | D:4      | Reached XP level 6. HP: 31/43 MP: 0/0
  4355 | D:4      | Found Nageihel's Antique Weapon Boutique.
  4434 | D:4      | Reached skill level 5 in Spellcasting
  4434 | D:4      | Reached XP level 7. HP: 16/49 MP: 0/0
  4434 | D:4      | Learned a level 3 spell: Ignite Poison
  4819 | D:4      | Found a staircase to the Ecumenical Temple.
  5010 | Temple   | Entered the Ecumenical Temple
  5145 | Temple   | Became a worshipper of Gozag Ym Sagoz the Greedy
  5218 | D:4      | Bought an emerald potion for 17 gold pieces
  5218 | D:4      | Bought a lumpy pink potion for 17 gold pieces
  5218 | D:4      | Bought a metallic blue potion for 17 gold pieces
  5218 | D:4      | Bought a scroll labelled RECULA UGH for 19 gold pieces
  5218 | D:4      | Bought 2 lumpy pink potions for 34 gold pieces
  5233 | D:5      | Entered Level 5 of the Dungeon
  5392 | D:5      | Noticed Menkaure
  5396 | D:5      | Killed Menkaure
  5571 | D:5      | Reached skill level 6 in Spellcasting
  5571 | D:5      | Reached XP level 8. HP: 51/55 MP: 0/0
  6409 | D:6      | Reached skill level 7 in Spellcasting
  6774 | D:6      | Noticed a human
  6776 | D:6      | Killed a human
  7173 | D:6      | Reached XP level 9. HP: 42/61 MP: 0/0
  7173 | D:6      | Learned a level 3 spell: Ozocubu's Armour
  7617 | D:6      | Reached skill level 8 in Spellcasting
  8833 | D:7      | Found a runed translucent door.
  8833 | D:7      | Noticed lunkers's ghost (novice DjCA)
  8990 | D:7      | Reached skill level 9 in Spellcasting
  9878 | D:8      | Reached XP level 10. HP: 40/67 MP: 0/0
 11458 | D:9      | Reached skill level 10 in Spellcasting
 12088 | D:9      | Found a staircase to the Lair.
 12407 | D:9      | Reached skill level 5 in Fighting
 12621 | D:9      | Reached skill level 11 in Spellcasting
 13059 | D:4      | Bought quicksilver dragon scales for 1080 gold pieces
 13059 | D:4      | Bought a slimy ring mail for 162 gold pieces
 13059 | D:4      | Identified the +2 ring mail "Jixaephi" {Harm Dex-2} (You
                  | bought it in a shop on level 4 of the Dungeon)
 13246 | D:10     | Entered Level 10 of the Dungeon
 13271 | D:10     | Noticed a two-headed ogre
 13279 | D:10     | Killed a two-headed ogre
 13280 | D:10     | Reached XP level 11. HP: 24/76 MP: 0/0
 13280 | D:10     | Learned a level 4 spell: Petrify
 13673 | D:10     | Noticed a two-headed ogre
 13683 | D:10     | Killed a two-headed ogre
 13782 | D:10     | Noticed a cyan ugly thing
 13789 | D:10     | Killed a cyan ugly thing
 13855 | D:10     | Found Reugh's Weapon Emporium.
 13978 | D:10     | Found a portal to a secret trove of treasure.
 14085 | D:10     | Reached skill level 12 in Spellcasting
 14089 | D:10     | Noticed a two-headed ogre
 14090 | D:10     | Killed a two-headed ogre
 14093 | D:10     | Noticed a boulder beetle
 14096 | D:10     | HP: 1/76 [boulder beetle (24)]
 14098 | D:10     | Demolished by a boulder beetle

Illustrated notes

Levels and vault maps discovered:
D:1:      matt_arrival_refuge, layout_rooms
D:2:      layout_loops_corners
D:3:      layout_loops_ring, lemuel_flame_loot_1
D:4:      layout_basic, minmay_temple_entry_nine_rooms, serial_shops,
          nicolae_shop_overgrown_old_shop, shop, nicolae_stop_n_shop_1,
          nicolae_shop_temple_entry_statues_fountains, nicolae_shop_stone,
          uniq_edmund
D:5:      layout_loops_ring, minmay_crystal_water, uniq_menkaure
D:6:      layout_layer_cave, tgw_kikubaaqudgha
D:7:      kennysheep_slugbush, layout_layer_cave, hellmonk_ghost_happy_afterlife
D:8:      layout_layer_cave
D:9:      layout_irregular_city, grunt_lair_entry_orc_guard_hut, st_stairs_7
D:10:     layout_basic, enter_trove_0, serial_shops, nicolae_shop_waterfront,
          minmay_joined_circles
Temple:   compressed_dpeg_triangle_lava_temple

Skill      XL: |  1  2  3  4  5  6  7  8  9 10 11 |
---------------+----------------------------------+-----
Fighting       | 1 2 3 4 5 |  5.6
Spellcasting   | 3 4 5 6 7 9 11 12 | 12.2
Stealth        | 2 3 4 |  4.1
Short Blades   | |  0.2
Maces & Flails | |  0.4
Armour         | |  0.8
Dodging        | |  2.9

Action                   |  1- 3 |  4- 6 |  7- 9 | 10-12 || total
-------------------------+-------+-------+-------+-------++-------
Melee: Short sword       |     1 |     2 |       |       ||     3
       Demon whip        |       |       |     1 |     8 ||     9
 Cast: Foxfire           |    75 |     8 |   209 |   141 ||   433
       Scorch            |     4 |    62 |    20 |    38 ||   124
       Flame Wave        |       |     1 |     9 |    12 ||    22
  Use: Scroll            |       |     4 |     1 |     3 ||     8
       Potion            |       |       |       |     4 ||     4
 Stab: Sleeping          |       |       |     1 |       ||     1
Armor: Robe              |       |     7 |     6 |     5 ||    18
       Quicksilver drago |       |       |       |     2 ||     2
Dodge: Dodged            |    12 |    10 |    12 |    33 ||    67

Table legend: (Time is in decaauts)
 A = Elapsed time spent in this place.
 B = Non-inter-level travel time spent in this place.
 C = Inter-level travel time spent in this place.
 D = Time resting spent in this place.
 E = Time spent auto-exploring this place.
 F = Levels seen in this place.
 G = Mean time per level.
                   A        B        C        D        E       F      G
               +--------+--------+--------+--------+--------+-----+--------+
         Total |  14105 |  13309 |    796 |   1029 |  10947 |  11 | 1282.3 |
       Dungeon |  13950 |  13174 |    776 |   1029 |  10837 |  10 | 1395.0 |
        Temple |    154 |    135 |     19 |      0 |    110 |   1 |  154.0 |
               +--------+--------+--------+--------+--------+-----+--------+

Top non-repeatable levels by time:
     D:7: 1890 daAuts
     D:6: 1728 daAuts
     D:9: 1674 daAuts
     D:8: 1632 daAuts
     D:2: 1555 daAuts
     D:4: 1467 daAuts
     D:1: 1327 daAuts
     D:5: 1012 daAuts
    D:10: 851 daAuts
     D:3: 809 daAuts
  Temple: 154 daAuts
